 Dungeon Crawl Stone Soup version 0.19.4 (webtiles) character file.

27216 Kiturien the Cleaver (level 13, 0/113 HPs)
             Began as a Hill Orc Fighter on Jan 31, 2017.
             Was an Elder of Qazlal.
             Slain by an anaconda (11 damage)
             ... on level 3 of the Lair of Beasts.
             The game lasted 02:14:55 (14918 turns).

Kiturien the Cleaver (Hill Orc Fighter)            Turns: 14918, Time: 02:14:55

Health: 0/113      AC: 19    Str: 28    XL:     13   Next: 31%
Magic:  17/17      EV: 10    Int:  8    God:    Qazlal [****..]
Gold:   716        SH: 25    Dex: 17    Spells: 2 memorised, 9 levels left

rFire  . . .     SeeInvis .     a - +1 war axe
rCold  . . .     Gourm    +     D - +4 scale mail "Byeph" {Dex+7}
rNeg   . . .     Faith    .     c - +5 shield
rPois  +         Spirit   .     (helmet restricted)
rElec  .         Reflect  .     P - +0 cloak
rCorr  .         Harm     .     y - +0 pair of gloves
MR     .....                    (no boots)
Stlth  ..........               h - amulet of the gourmand
                                m - ring of poison resistance
                                j - +2 ring of protection

@: constricted, repel missiles
A: antennae 1, iridescent scales 1, strong 2, subdued magic 1, MP-powered wands
a: Upheaval, Elemental Force, Renounce Religion


You were on level 3 of the Lair of Beasts.
You worshipped Qazlal.
Qazlal was greatly pleased with you.
You were very full.

You visited 3 branches of the dungeon, and saw 15 of its levels.
You also visited: Labyrinth and Ice Cave.

You collected 872 gold pieces.
You spent 156 gold pieces at shops.

Inventory:

Hand Weapons
 a - a +1 war axe (weapon)
 s - a +1 hand axe of venom
 z - a +6 whip of flaming
 Q - a +5 battleaxe
 V - a +4 scimitar of flaming
 Y - the +3 whip of the Vendetta {slash, rElec rN++ Str+4 Int-2}
   (You found it on level 10 of the Dungeon)

   It inflicts extra damage upon your enemies.
   It affects your strength (+4).
   It affects your intelligence (-2).
   It insulates you from electricity.
   It greatly protects you from negative energy.
Armour
 c - a +5 shield (worn)
 y - a +0 pair of gloves (worn)
 D - the +4 scale mail "Byeph" (worn) {Dex+7}
   (You found it on level 5 of the Dungeon)

   It affects your dexterity (+7).
 M - a +0 plate armour
 P - a +0 cloak (worn)
Rods
 d - a +3 lightning rod (15/15)
   (You took it off a minotaur in a labyrinth)
 e - a -1 iron rod (9/9)
   (You found it on level 4 of the Dungeon)
 C - a +0 rod of inaccuracy (14/14)
   (You found it on level 2 of the Lair of Beasts)
Jewellery
 h - an amulet of the gourmand (around neck)
 j - a +2 ring of protection (left hand)
 m - a ring of poison resistance (right hand)
 q - the ring "Opreuryl" {+Inv rN+ EV+2 Str-2}
   (You took it off a minotaur in a labyrinth)

   [ring of evasion]

   It affects your evasion (+2).
   It affects your strength (-2).
   It protects you from negative energy.
   It lets you turn invisible.
 F - the ring of the Open Hand {+Inv +Fly rElec rF- MR+}
   (You found it in a labyrinth)

   [ring of flight]

   It makes you vulnerable to fire.
   It insulates you from electricity.
   It affects your resistance to hostile enchantments.
   It lets you turn invisible.
   It lets you fly.
 G - an uncursed ring of see invisible
 H - an uncursed ring of protection from fire
Wands
 r - a wand of enslavement (13/24)
 u - a wand of confusion (20/48)
 A - a wand of paralysis (17/24)
 U - a wand of acid (11/15)
 W - a wand of disintegration (17/24)
Scrolls
 i - 7 scrolls of teleportation
 x - 4 scrolls of recharging
 B - a scroll of remove curse
 X - 3 scrolls of amnesia
Potions
 k - 2 potions of haste
 n - a potion of lignification
 o - a potion of ambrosia
 p - 3 potions of curing
 t - 2 potions of cancellation
 E - 3 potions of flight
 I - 5 potions of brilliance
 R - 2 potions of agility
 T - a potion of resistance
Books
 b - a book of Minor Magic

   Spells                             Type                      Level
   a - Magic Dart                     Conjuration                  1
   b - Blink                          Translocation                2
   c - Call Imp                       Summoning                    2
   d - Repel Missiles                 Charms/Air                   2
   e - Slow                           Hexes                        2
   f - Conjure Flame                  Conjuration/Fire             3
   g - Mephitic Cloud                 Conjuration/Poison/Air       3
 L - a book of Party Tricks

   Spells                             Type                      Level
   a - Summon Butterflies             Summoning                    1
   b - Apportation                    Translocation                1
   c - Lesser Beckoning               Translocation                3
   d - Tukima's Dance                 Hexes                        3
   e - Alistair's Intoxication        Transmutation/Poison         5
   f - Invisibility                   Hexes                        6
 S - a book of Enchantments

   Spells                             Type                      Level
   a - Cause Fear                     Hexes                        4
   b - Yara's Violent Unravelling     Hexes/Transmutation          5
   c - Silence                        Hexes/Air                    5
   d - Deflect Missiles               Charms/Air                   6
   e - Discord                        Hexes                        8
Miscellaneous
 O - a lamp of fire
Comestibles
 f - 11 bread rations
 v - 4 meat rations
 J - 16 royal jellies
 N - 13 fruits


   Skills:
 - Level 10.0 Fighting
 - Level 14.7 Axes
 - Level 9.1 Armour
 - Level 5.2 Dodging
 - Level 14.1 Shields
 - Level 1.0 Spellcasting
 + Level 2.4 Conjurations
 - Level 5.8 Invocations


You had 9 spell levels left.
You knew the following spells:

 Your Spells              Type           Power        Failure   Level  Hunger
a - Blink                 Tloc           N/A          95%         2    ###....
b - Mephitic Cloud        Conj/Pois/Air  #.......     98%         3    ####...


Dungeon Overview and Level Annotations

Branches:
Dungeon (11/15)            Temple (0/1) D:7            Lair (3/6) D:9
 Shoals (0/4) Lair:3        Snake (1/4) Lair:3          Orc (0/2) D:11

Altars:
Ashenzari
Cheibriados
Dithmenos
Gozag
Kikubaaqudgha
Makhleb
Nemelex Xobeh
Okawaru
Qazlal
Trog
Uskayaw
Vehumet
Xom
Yredelemnul
The Shining One

Shops:
D:4 *   D:7 =   D:10 *


Innate Abilities, Weirdness & Mutations

You have a pair of small antennae on your head.
You are partially covered in iridescent scales. (AC +2)
Your muscles are very strong. (Str +4)
Your spells are a little easier to cast, but a little less powerful.
You expend magic power (3 MP) to strengthen your wands.


Message History

You block the salamander's attack.
You climb upwards.
Welcome back to the Lair of Beasts!
There is a staircase to the Snake Pit here.
You slash the anaconda!
The anaconda is lightly wounded.
You block the anaconda's attack. x2
You hit the anaconda but do no damage.
The anaconda is lightly wounded.
You block the anaconda's attack. The anaconda bites you!
* * * LOW HITPOINT WARNING * * *
You feel better. You block the anaconda's attack. x3
The anaconda closely misses you.
You slash the anaconda!
The anaconda is heavily wounded.
You block the anaconda's attack. The anaconda bites you.
* * * LOW HITPOINT WARNING * * *
You block the anaconda's attack. x2
You feel better.
You block the anaconda's attack. x2; The anaconda grabs you.
The anaconda bites you!
You die...

.......P....###.#..##........,,,+
............P.....###.......,,,,#
.......#...<.............#.***###
......##....####[####.....####.#.
##.#####...##≈≈≈.≈.≈##.......<...
..######...#P≈♣≈..P≈♣#......)....
...........#♣≈♣♣(♣♣..#...........
...........#≈.♣.§§♣≈≈#...........
...............§@.§..............
##.####....#♣≈♣.S§♣♣P#...........
######.....#♣≈♣♣.♣♣♣.#...........
#.P..##....#≈P♣♣.≈≈P♣#....##'##.#
....###....##♣♣≈..≈≈##...###.##.#
#...##......####.####....# #'...#
##..###......##...#......###....#
*#####.....###..###......##....#
###......# #..........#*###.'#


You could see an anaconda.

Vanquished Creatures
  The ghost of maxonian the Severer, a journeyman HOGl of Uskayaw (Lair:2)
  A minotaur (Lab)
  A merfolk impaler (Lair:3)
  An anaconda (Snake:1)
  3 hydras
  Erica (D:10)
  A shock serpent (Lair:3)
  2 naga sharpshooters (Snake:1)
  Pikel (D:6)
  A cyclops (D:9)
  An elephant (D:9)
  2 black mambas
  A centaur zombie (D:10)
  A gargoyle (D:10)
  3 spiny frogs
  A rime drake (Lair:1)
  2 ice devils (Lair:3)
  2 komodo dragons
  A queen bee (Lair:1)
  A troll (D:11)
  A minotaur skeleton (Lab)
  2 hornets
  4 blink frogs (Lair:1)
  6 hippogriffs
  A shadow (D:11)
  A spriggan (D:11)
  20 yaks
  Grum (D:10)
  2 wyverns
  A hungry ghost (Lab)
  A basilisk (Lair:1)
  Menkaure (D:7)
  A soldier ant (D:9)
  3 nagas
  5 water moccasins (Lair:1)
  2 orc warriors
  9 porcupines
  A slave (D:6)
  6 ice beasts (IceCv)
  3 black bears
  2 sky beasts
  6 ogres
  8 wolves
  9 crocodiles
  2 centaurs
  6 bullfrogs
  3 scorpions
  4 wights (D:10)
  25 killer bees (Lair:1)
  A howler monkey (D:7)
  An electric eel (Lair:2)
  2 vampire bats (D:5)
  2 crimson imps
  5 orc priests
  A hound (D:9)
  7 jellies
  13 orc wizards
  5 iguanas
  2 bullfrog skeletons
  7 worker ants
  A hound skeleton (D:10)
  2 worker ant zombies
  7 gnolls
  11 adders
  2 howler monkey skeletons
  4 shadow imps
  An adder zombie (D:6)
  3 adder skeletons
  5 worms
  2 dart slugs
  4 leopard geckos
  21 orcs
  2 ball pythons (D:3)
  4 bat skeletons (D:5)
  2 bat zombies (D:5)
  3 giant cockroaches
  7 goblins
  4 hobgoblins
  2 jackals (D:8)
  A quokka (D:4)
  4 bats
  4 frilled lizards
  A jackal skeleton (D:4)
  11 kobolds
  A leopard gecko zombie (D:8)
  A quokka skeleton (D:8)
  7 rats
  A bush (Lair:1)
  2 butterflies (Lair:2)
  8 fungi
  5 plants
343 creatures vanquished.

Vanquished Creatures (others)
  3 fungi
  5 plants
8 creatures vanquished.

Grand Total: 351 creatures vanquished

Notes
Turn   | Place    | Note
-------+----------+-------------------------------------------
     0 | D:1      | Kiturien the Hill Orc Fighter began the quest for the Orb.
     0 | D:1      | Reached XP level 1. HP: 19/19 MP: 1/1
    59 | D:1      | Reached XP level 2. HP: 9/27 MP: 2/2
   672 | D:2      | Reached XP level 3. HP: 32/33 MP: 3/3
   813 | D:2      | Reached XP level 4. HP: 40/40 MP: 4/4
   874 | D:2      | Found a glowing golden altar of the Shining One.
   876 | D:2      | Noticed an angel
   896 | D:2      | Found a basalt altar of Yredelemnul.
   898 | D:2      | Noticed a profane servitor
  1002 | D:2      | Reached skill level 5 in Armour
  1563 | D:3      | Reached XP level 5. HP: 38/46 MP: 5/5
  1583 | D:3      | Reached skill level 1 in Dodging
  2292 | D:4      | Reached skill level 5 in Fighting
  2292 | D:4      | Reached XP level 6. HP: 46/56 MP: 6/6
  2864 | D:4      | Reached skill level 5 in Axes
  2865 | D:4      | Reached skill level 1 in Spellcasting
  2969 | D:4      | Found Ysuss's Assorted Antiques.
  3005 | D:4      | Reached XP level 7. HP: 58/61 MP: 8/8
  3296 | D:5      | Entered Level 5 of the Dungeon
  3422 | D:5      | Reached skill level 5 in Shields
  3803 | D:5      | Got a dazzling scale mail
  3814 | D:5      | Identified the +4 scale mail "Byeph" {Dex+7} (You found it on level 5 of the Dungeon)
  4013 | D:5      | Reached XP level 8. HP: 46/68 MP: 9/9
  4016 | D:5      | Gained mutation: Your muscles are strong. (Str +2) [mutagenic meat]
  4017 | D:5      | Gained mutation: You have large cloven feet. [mutagenic meat]
  4018 | D:5      | Gained mutation: You expend magic power (3 MP) to strengthen your wands. [mutagenic meat]
  4019 | D:5      | Gained mutation: Your muscles are very strong. (Str +4) [mutagenic meat]
  4280 | D:5      | Found an ancient bone altar of Kikubaaqudgha.
  4527 | D:6      | Found a bloodstained altar of Trog.
  4712 | D:6      | Noticed Pikel
  4729 | D:6      | Killed Pikel
  4880 | D:6      | Found a stormy altar of Qazlal.
  4925 | D:6      | Became a worshipper of Qazlal Stormbringer
  4979 | D:7      | Found Voomp's Jewellery Shop.
  5036 | D:7      | Found a shadowy altar of Dithmenos.
  5036 | D:7      | Found a shadowy altar of Dithmenos.
  5037 | D:7      | Found a shattered altar of Ashenzari.
  5037 | D:7      | Found a basalt altar of Yredelemnul.
  5038 | D:7      | Found an ancient bone altar of Kikubaaqudgha.
  5038 | D:7      | Found an iron altar of Okawaru.
  5038 | D:7      | Found a hide-covered altar of Uskayaw.
  5040 | D:7      | Found a shimmering altar of Xom.
  5040 | D:7      | Found a snail-covered altar of Cheibriados.
  5041 | D:7      | Found a radiant altar of Vehumet.
  5041 | D:7      | Found a stormy altar of Qazlal.
  5045 | D:7      | Found an iron altar of Okawaru.
  5045 | D:7      | Found a shimmering altar of Xom.
  5062 | D:7      | Noticed a hornet
  5062 | D:7      | Reached skill level 1 in Invocations
  5062 | D:7      | Reached XP level 9. HP: 75/75 MP: 10/10
  5069 | D:7      | Killed a hornet
  5069 | D:7      | Reached skill level 5 in Invocations
  5081 | D:7      | Gained mutation: You have a pair of small antennae on your head. [mutagenic meat]
  5083 | D:7      | Gained mutation: You are partially covered in iridescent scales. (AC +2) [mutagenic meat]
  5084 | D:7      | Gained mutation: Your spells are a little easier to cast, but a little less powerful. [mutagenic meat]
  5085 | D:7      | Lost mutation: You have large cloven feet. [mutagenic meat]
  5191 | D:7      | Found a staircase to the Ecumenical Temple.
  5642 | D:7      | Found a burning altar of Makhleb.
  5643 | D:7      | Found a shimmering altar of Xom.
  5738 | D:7      | Noticed Menkaure
  5758 | D:7      | Killed Menkaure
  6213 | D:7      | Learned a level 2 spell: Blink
  6217 | D:7      | Learned a level 3 spell: Mephitic Cloud
  6288 | D:8      | Reached * piety under Qazlal
  6892 | D:9      | Found a sparkling altar of Nemelex Xobeh.
  6947 | D:9      | Reached XP level 10. HP: 83/83 MP: 14/14
  7161 | D:9      | Found a shadowy altar of Dithmenos.
  7214 | D:9      | Noticed an elephant
  7247 | D:9      | Killed an elephant
  7247 | D:9      | Reached ** piety under Qazlal
  7247 | D:9      | Reached skill level 10 in Axes
  7247 | D:9      | Reached skill level 10 in Shields
  7323 | D:9      | Noticed a cyclops
  7363 | D:9      | Killed a cyclops
  7411 | D:9      | Found an iron altar of Okawaru.
  7420 | D:9      | Found a staircase to the Lair.
  7658 | D:9      | Found an opulent altar of Gozag.
  7732 | D:10     | Entered Level 10 of the Dungeon
  7732 | D:10     | Noticed Grum
  7760 | Lair:1   | Entered Level 1 of the Lair of Beasts
  8117 | Lair:1   | Reached XP level 11. HP: 63/92 MP: 15/15
  8700 | Lair:1   | Reached *** piety under Qazlal
  9401 | D:10     | Killed Grum
  9418 | D:10     | Noticed Erica
  9430 | D:10     | Killed Erica
  9839 | D:10     | Got a steaming whip
  9840 | D:10     | Identified the cursed +3 whip of the Vendetta {slash, rElec rN++ Str+4 Int-2} (You found it on level 10 of the Dungeon)
  9889 | D:10     | Found Bapedudo's Assorted Antiques.
  9939 | D:10     | Bought a scroll of identify for 78 gold pieces
  9939 | D:10     | Bought a scroll of identify for 78 gold pieces
 10411 | D:11     | Reached XP level 12. HP: 83/101 MP: 16/16
 10420 | D:11     | Reached **** piety under Qazlal
 10550 | D:11     | Noticed an eight-headed hydra
 10560 | D:11     | Killed a five-headed hydra
 10985 | D:11     | Noticed a death knight
 11302 | Lair:2   | Found a labyrinth entrance.
 11320 | Lab      | Entered a labyrinth
 11678 | Lab      | Noticed a minotaur
 11699 | Lab      | Killed a minotaur
 11701 | Lab      | Got a scorched lapis lazuli ring
 11710 | Lab      | Identified the ring "Opreuryl" {+Inv rN+ EV+2 Str-2} (You took it off a minotaur in a labyrinth)
 11723 | Lab      | Got a wavering platinum ring
 11725 | Lab      | Identified the ring of the Open Hand {+Inv +Fly rElec rF- MR+} (You found it in a labyrinth)
 12078 | Lair:2   | Noticed maxonian's ghost (journeyman HOGl)
 12136 | Lair:2   | Killed maxonian's ghost
 12484 | Lair:2   | Noticed a five-headed hydra
 12494 | Lair:2   | Killed a one-headed hydra
 13003 | Lair:2   | Identified a +0 rod of inaccuracy (14/14) (You found it on level 2 of the Lair of Beasts)
 13074 | Lair:2   | Got a crude leather armour
 13313 | Lair:3   | Found a staircase to the Snake Pit.
 13355 | Lair:3   | Noticed a five-headed hydra
 13365 | Lair:3   | Killed a one-headed hydra
 13429 | Lair:3   | Found a staircase to the Shoals.
 13446 | Lair:3   | Found a frozen archway.
 13455 | Lair:3   | Reached skill level 5 in Dodging
 13468 | IceCv    | Entered an ice cave
 13468 | IceCv    | Noticed Jerry's ghost (journeyman MiMo)
 13468 | IceCv    | Noticed Naksu's ghost (journeyman MiFi)
 13476 | IceCv    | Reached XP level 13. HP: 71/111 MP: 17/17
 14288 | Snake:1  | Entered Level 1 of the Snake Pit
 14320 | Lair:3   | Reached skill level 10 in Fighting
 14348 | Lair:3   | Noticed a merfolk impaler
 14699 | Lair:3   | Killed a merfolk impaler
 14901 | Snake:1  | Reached skill level 1 in Conjurations
 14915 | Lair:3   | HP: 3/113 [anaconda (8)]
 14918 | Lair:3   | Slain by an anaconda

Skill      XL: |  1  2  3  4  5  6  7  8  9 10 11 12 13 |
---------------+----------------------------------------+-----
Axes           | 3 5 7 9 11 12 14 | 14.7
Fighting       | 4 5 6 7 8 9 10 | 10.0
Armour         | 4 5 6 7 8 9 |  9.1
Shields        | 4 7 8 9 10 12 13 14 | 14.1
Dodging        | 1 2 3 4 5 |  5.2
Spellcasting   | 1 |  1.0
Invocations    | 1 5 |  5.8
Conjurations   | 2 |  2.4

Action                   |  1- 3 |  4- 6 |  7- 9 | 10-12 | 13-15 || total
-------------------------+-------+-------+-------+-------+-------++-------
Melee: War axe           |    60 |    81 |       |   157 |    45 ||   343
       Hand axe          |       |   110 |   261 |   517 |       ||   888
       Kick              |       |       |    41 |       |       ||    41
       Battleaxe         |       |       |       |    43 |       ||    43
       Scimitar          |       |       |       |    50 |       ||    50
       Whip              |       |       |       |       |    49 ||    49
  Use: Scroll            |     1 |     6 |     7 |    26 |     5 ||    45
       Potion            |       |       |       |     4 |     2 ||     6
  Eat: Chunk             |       |    14 |    22 |    23 |     4 ||    63
       Pizza             |       |     1 |       |     1 |       ||     2
       Beef jerky        |       |       |       |     1 |       ||     1
Armor: Scale mail        |    24 |    84 |    87 |   165 |    16 ||   376
Dodge: Dodged            |    21 |    61 |    71 |   158 |    37 ||   348
       Deflected         |       |       |       |     2 |     7 ||     9
Block: Shield            |    38 |   111 |   144 |   668 |   143 ||  1104
       Other             |       |       |       |     6 |       ||     6
       Rpst.: Scimitar   |       |       |       |     3 |       ||     3
